 Dungeon Crawl Stone Soup version 0.30-a0-782-ge64f9170bb (webtiles) character file.

Game seed: 11419693988930491000

298 Barriton the Insei (level 6, 0/47 HPs)
             Began as a Draconian Transmuter on Mar 9, 2023.
             Succumbed to an adder's poison
             ... on level 2 of the Dungeon.
             The game lasted 00:06:46 (3013 turns).

Barriton the Insei (Draconian Transmuter)           Turns: 3013, Time: 00:06:47

Health: 0/47       AC: 12    Str: 19    XL:     6   Next: 13%
Magic:  10/11      EV: 12    Int: 13    God:
Gold:   143        SH:  0    Dex: 13    Spells: 9/12 levels left

rFire   . . .      SeeInvis .      - Unarmed
rCold   . . .      Faith    .    (no shield)
rNeg    . . .      Spirit   .    (body armour unavailable)
rPois   .          Reflect  .    (helmet currently unavailable)
rElec   .          Harm     .    i - +0 cloak
rCorr   .          Rampage  .    c - +0 pair of gloves
Will    .....                    (boots currently unavailable)
Stlth   ++                       (no amulet)
HPRegen 0.27/turn                o - +6 ring of strength
MPRegen 0.12/turn                m - +4 ring of protection

@: brilliant, lethally poisoned (0 -> -2), appendages, on berserk cooldown,
slowed, very slow
A: talons 2, AC +6, unfitting armour, cold-blooded, horns 1, MP-powered wands
a: End Transformation


You were on level 2 of the Dungeon.
You had temporarily grown beastly talons.
You visited 1 branch of the dungeon, and saw 3 of its levels.

You collected 143 gold pieces.

Inventory:

Armour
 c - a +0 pair of gloves (worn)
 i - a +0 cloak (worn)
 n - a +0 pair of boots (melded)
Magical Staves
 h - a staff of cold
Jewellery
 b - a +5 ring of evasion
 d - a ring of wizardry
 m - a +4 ring of protection (right hand)
 o - a +6 ring of strength (left hand)
 s - a ring of positive energy
Wands
 j - a wand of roots (6)
 r - a wand of flame (27)
Scrolls
 e - 2 scrolls of teleportation
 f - a scroll of fog
 p - a scroll of butterflies
 t - a scroll of vulnerability {unknown}
Potions
 a - a potion of lignification
 g - a potion of brilliance
 l - a potion of flight {unknown}
 q - a potion of haste {unknown}


   Skills:
 + Level 1.1 Fighting
 + Level 2.4 Dodging
 + Level 1.4 Stealth
 + Level 4.3 Unarmed Combat
 + Level 3.5 Spellcasting
 + Level 3.8 Transmutations


You had 9 spell levels left.
You knew the following spells:

 Your Spells              Type           Power      Damage    Failure   Level
a - Beastly Appendage     Tmut           36%        N/A       4%          1
b - Wereblood             Tmut           18%        N/A       7%          2

Your spell library contained the following spells:

 Spells                   Type           Power      Damage    Failure   Level
 Spider Form              Tmut/Pois      10%        N/A       30%         3
 Frozen Ramparts          Ice            6%         1d1       54%         3
 Ice Form                 Ice/Tmut       10%        N/A       69%         4
 Summon Ice Beast         Ice/Summ       3%         N/A       91%         4


Dungeon Overview and Level Annotations

Branches:
Dungeon (3/15)

Altars:
Fedhas

Annotations:
D:3 epen's ghost, amateur GnWr


Innate Abilities, Weirdness & Mutations

You have temporarily grown beastly talons.
Your plain brown scales are hard. (AC +6)
You cannot fit into any form of body armour.
You are cold-blooded and may be slowed by cold attacks.
You have a pair of small horns on your head.
You expend magic power (3 MP) to strengthen your wands.


Message History

You climb upwards.
* * * LOW HITPOINT WARNING * * *
You feel sick.
There is a stone staircase leading down here.
It was a potion of brilliance.
You feel clever all of a sudden.
Your primal bloodlust has ended.
You feel sick. The adder misses you.
The adder bites you but does no damage. x2
It was a potion of berserk rage.
A red film seems to cover your vision as you go berserk!
You feel yourself moving faster!
You feel mighty!
You feel sick.
You are no longer poisoned.
The adder completely misses you. The adder closely misses you.
You feel a strong urge to attack something.
You feel your anger nearly subside.
You are no longer berserk.
You are exhausted.
You feel yourself slow down. The adder attacks as you move away!
The adder barely misses you. x2
Casting: Wereblood (safe; 7% risk of failure)
Confirm with . or Enter, or press ? or * to list all spells.
You feel a surge of power!
Your feet morph into talons.
Your +0 pair of boots melds into your body.
The adder bites you but does no damage. x2
You hit the adder. You tail-slap the adder.
The adder is heavily wounded.
The adder bites you but does no damage. The adder barely misses you.
You closely miss the adder.
Your tail-slap misses the adder.
The adder is heavily wounded.
The adder bites you but does no damage. The adder bites you.
* * * LOW HITPOINT WARNING * * *
You are lethally poisoned!
The adder poisons you!
You hit the adder.
You kill the adder!
* * * LOW HITPOINT WARNING * * *
You feel sick. The adder misses you.
You hit the adder but do no damage. You headbutt the adder.
Your tail-slap misses the adder.
The adder is lightly wounded.
You die...

#.............##.######
#.###########.##.##...##
#)# #.#......... #.#
#######.#.###..... #.#
#.....#.#.# #..... #.#
#.###.#.#.###..###
#.#####.###.#.#.........
#.............#......###
#######@###.###.#..###
#S# #.# #.#..# #.#
#.###.#..#####
##.###...))........
#...#####.#..#.####
###...####.###.#.#
#####.....>...## ##..#
#...........##.###.#.#
#.###...........#.†..#


You could see an adder.

Vanquished Creatures
  A bullfrog (D:3)
  Jessica (D:2)
  Ijyb (D:3)
  Robin (D:2)
  3 gnolls (D:3)
  5 adders
  A worm (D:2)
  2 dart slugs
  4 orcs (D:3)
  7 endoplasms
  5 giant cockroaches
  18 goblins
  9 hobgoblins
  4 quokkas
  7 ball pythons
  3 bats (D:2)
  A frilled lizard (D:2)
  2 kobolds
  10 rats
85 creatures vanquished.

Notes
Turn   | Place    | Note
-------+----------+-------------------------------------------
     0 | D:1      | Barriton the Draconian Transmuter began the quest for the
                  | Orb.
     0 | D:1      | Reached XP level 1. HP: 16/16 MP: 3/3
   232 | D:1      | Reached XP level 2. HP: 11/23 MP: 3/5
   235 | D:1      | Learned a level 2 spell: Wereblood
  1196 | D:2      | Reached XP level 3. HP: 28/28 MP: 4/6
  1338 | D:2      | Noticed Robin
  1377 | D:2      | Killed Robin
  1378 | D:2      | Reached XP level 4. HP: 35/35 MP: 3/8
  1915 | D:2      | Noticed Jessica
  1924 | D:2      | Killed Jessica
  2206 | D:2      | Gained mutation: You have a pair of small horns on your
                  | head. [potion of mutation]
  2206 | D:2      | Gained mutation: You expend magic power (3 MP) to
                  | strengthen your wands. [potion of mutation]
  2282 | D:3      | Reached XP level 5. HP: 40/40 MP: 7/9
  2420 | D:3      | Found a runed translucent door.
  2520 | D:3      | Reached skill level 4 in Unarmed Combat
  2614 | D:3      | Noticed Ijyb
  2627 | D:3      | Killed Ijyb
  2628 | D:3      | Reached skill level 1 in Stealth
  2700 | D:3      | Found a blossoming altar of Fedhas.
  2819 | D:3      | Found a faded altar of an unknown god.
  2922 | D:3      | Noticed epen's ghost (amateur GnWr)
  2998 | D:3      | Reached XP level 6. HP: 6/47 MP: 9/11
  3001 | D:2      | HP: 2/47 [poisoned by an adder]
  3011 | D:2      | HP: 2/47 [adder (2)]
  3013 | D:2      | Succumbed to an adder's poison

Illustrated notes

Levels and vault maps discovered:
D:1:      amcnicky_arrival_single_pillar, layout_loops_corners
D:2:      layout_loops_ring, grunt_decor_fettered, corexii_hall_statues_deadend,
          minmay_pentomino_t2, uniq_jessica, uniq_robin
D:3:      layout_rooms, mainiacjoe_overflow_small_starburst,
          ebering_ghost_sewer_d, dilly_ecumenical_altar_fadedgnrine, uniq_ijyb

Skill      XL: |  1  2  3  4  5 |
---------------+----------------+-----
Dodging        | 2 |  2.4
Transmutations | 3 |  3.8
Spellcasting   | 3 |  3.5
Unarmed Combat | 4 |  4.3
Stealth        | 1 |  1.4
Fighting       | |  1.1

Action                     |  1- 3 |  4- 6 || total
---------------------------+-------+-------++-------
  Melee: Unarmed           |    95 |   130 ||   225
         Kick              |    22 |    29 ||    51
         Tailslap          |     8 |    13 ||    21
         Headbutt          |     6 |    27 ||    33
         Punch             |     3 |     3 ||     6
   Cast: Beastly Appendage |    26 |    27 ||    53
         Wereblood         |     2 |     3 ||     5
    Use: Scroll            |     3 |     1 ||     4
         Potion            |       |     3 ||     3
   Stab: Sleeping          |     1 |     3 ||     4
 Armour: Skin              |    12 |    72 ||    84
  Dodge: Dodged            |    66 |   120 ||   186

Table legend: (Time is in decaauts)
 A = Elapsed time spent in this place.
 B = Non-inter-level travel time spent in this place.
 C = Inter-level travel time spent in this place.
 D = Time resting spent in this place.
 E = Time spent auto-exploring this place.
 F = Levels seen in this place.
 G = Mean time per level.
                   A        B        C        D        E       F      G
               +--------+--------+--------+--------+--------+-----+--------+
         Total |   3002 |   2854 |    148 |      0 |   2286 |   3 | 1000.7 |
       Dungeon |   3002 |   2854 |    148 |      0 |   2286 |   3 | 1000.7 |
               +--------+--------+--------+--------+--------+-----+--------+

Top non-repeatable levels by time:
     D:1: 1187 daAuts
     D:2: 1072 daAuts
     D:3: 742 daAuts
